 Dungeon Crawl Stone Soup version 0.28-a0-1199-gef9e1dbd39 (webtiles) character file.

Game seed: 9038867016201150553

2193 ytrimaz the Insei (level 9, -4/58 HPs)
             Began as an Octopode Transmuter on Dec 20, 2021.
             Was an Initiate of Ashenzari.
             Shot with an arrow by a centaur (8 damage)
             ... on level 6 of the Dungeon.
             The game lasted 00:08:14 (8286 turns).

ytrimaz the Insei (Octopode Transmuter)             Turns: 8286, Time: 00:08:15

Health: -4/58      AC:  1    Str: 15    XL:     9   Next: 33%
Magic:  0/17       EV: 15    Int: 25    God:    Ashenzari [......]
Gold:   224        SH:  0    Dex: 13    Spells: 9/19 levels left

rFire   . . .      SeeInvis .     - Unarmed
rCold   . . .      Faith    .   (no shield)
rNeg    + . .      Spirit   +   (helmet restricted)
rPois   +          Reflect  .   c - amulet of guardian spirit
rElec   .          Harm     .   d - ring "Ethics of Ashenzari" {Int+6, Comp, Cun} (curse)
rCorr   .          Rampage  .   e - +6 ring of strength
Will    .....                   a - ring of Lecaorgh {rPois rN+}
Stlth   ++........              (no ring)
HPRegen 0.19/turn               (no ring)
MPRegen 0.15/turn               (no ring)
                                (no ring)
                                (no ring)

@: no status effects
A: almost no armour, amphibious, 8 rings, camouflage 1, gelatinous body 1,
(nimble swimmer 1), tentacles
a: Renounce Religion, Shatter the Chains


You were on level 6 of the Dungeon.
You worshipped Ashenzari.
Ashenzari was noncommittal.
You visited 2 branches of the dungeon, and saw 7 of its levels.

You collected 224 gold pieces.

Inventory:

Jewellery
 a - the ring of Lecaorgh (on tentacle) {rPois rN+}
   (You acquired it on level 1 of the Dungeon)

   [ring of positive energy]

   rPois:     It protects you from poison.
   rN:        It protects you from negative energy.
 c - an amulet of guardian spirit (around mantle)
 d - the cursed ring "Ethics of Ashenzari" (left tentacle) {Int+6, Comp, Cun}
   (You found it on level 1 of the Dungeon)

   [ring of intelligence]

   Int:       It affects your intelligence (+6).
   It has a curse which improves the following skills: Companions: Summonings
   and Necromancy.
   Cunning:   Dodging and Stealth.
 e - a +6 ring of strength (right tentacle)
Wands
 b - a wand of iceblast (10)
Scrolls
 j - a scroll of enchant weapon {unknown}
Potions
 f - a potion of cancellation
 g - 2 potions of haste {unknown}
 i - a potion of lignification {unknown}


   Skills:
 * Level 4.1 Fighting
 * Level 5.3(5.8) Dodging
 + Level 5.8 Unarmed Combat
 * Level 5.7 Spellcasting
 * Level 5.7 Transmutations
 + Level 0.6 Ice Magic
 - Level 4.0 Poison Magic


You had 9 spell levels left.
You knew the following spells:

 Your Spells              Type           Power      Damage    Failure   Level
a - Beastly Appendage     Tmut           70%        N/A       1%          1
b - Wereblood             Tmut           35%        N/A       1%          2
c - Spider Form           Tmut/Pois      31%        N/A       3%          3
d - Ice Form              Ice/Tmut       23%        N/A       21%         4

Your spell library contained the following spells:

 Spells                   Type           Power      Damage    Failure   Level
 Gell's Gravitas          Tloc           7%         N/A       22%         3
 Teleport Other           Tloc           7%         N/A       22%         3
 Leda's Liquefaction      Hex/Erth       3%         N/A       58%         4
 Lee's Rapid Deconstruct  Erth           3%         3d6*      91%         5
 Statue Form              Tmut/Erth      14%        N/A       98%         6
 Dispersal                Tloc           3%         N/A       100%        6


Dungeon Overview and Level Annotations

Branches:
Dungeon (6/15)             Temple (1/1) D:4

Altars:
Ashenzari
Cheibriados
Dithmenos
Elyvilon
Fedhas
Gozag
Hepliaklqana
Kikubaaqudgha
Makhleb
Nemelex Xobeh
Okawaru
Qazlal
Ru
Sif Muna
Trog
Uskayaw
Vehumet
Wu Jian
Xom
Yredelemnul
Zin
The Shining One

Shops:
D:5 (

Annotations:
D:4 3 runed translucent doors, croobank's ghost, amateur MfAK


Innate Abilities, Weirdness & Mutations

You cannot wear most types of armour.
You are amphibious.
You can wear up to eight rings at the same time.
Your skin changes colour to match your surroundings (Stealth+).
Your rubbery body absorbs attacks. (AC +1, EV +1)
((You are camouflaged near water. (Stealth+)))
You have tentacles for arms and can constrict up to eight enemies at once.


Message History

There is an open door, spattered with blood here.
You see here a +0 short sword.
j - a scroll labelled TOZIEM SANAJE
There is an open door, spattered with blood here.
You see here a +0 short sword.
You see here a hound corpse.
A centaur is nearby!
A centaur is nearby!
Casting: Ice Form (quite dangerous; 21% risk of failure)
Confirm with . or Enter, or press ? or * to list all spells.
The spell is quite dangerous to miscast (21% risk of failure)!
Continue anyway?
You miscast Ice Form.
You are very lightly contaminated with residual magic.
Nothing appears to happen.
The centaur shouts!
The centaur wields a +0 shortbow.
The centaur shoots an arrow.
The arrow hits you!
Unknown command.
An orc warrior comes into view. It is wielding a +0 glaive.
Found a stone staircase leading up.
The orc warrior shouts!
There is an open door here.
The centaur shoots an arrow.
The arrow hits you.
The orc warrior hits you from afar with a +0 glaive!
Okay, then.
As you read the scroll of teleportation, it crumbles to dust.
You feel strangely unstable.
The centaur shoots an arrow.
The arrow hits you!
The centaur shoots an arrow.
The arrow hits you!
* * * LOW HITPOINT WARNING * * *
The orc warrior hits you from afar with a +0 glaive!
* * * LOW HITPOINT WARNING * * *
Unknown command.
Unknown command.
Unknown command.
It was a potion of cancellation.
You feel strangely stable.
You feel magically purged.
Your magical contamination has completely faded away.
The centaur shoots an arrow.
The arrow hits you!
You die...

#.# #.# #..... ######.## #####
#.# #..... ........###...###.#
#..... .#
#.....#.....##.##########..... .#
#....##........#.†.....##.....
.###.#.###.....#....##)##...[####
.................####...####...##
.###.#.####.c..### #...# ###...
.###.#.# ###.##@# #...# #.##..
.....#.# #oc..# #...# #[)'..
######.. #.##.# #...# #.##.# #..
#..### #...# ###..# .... ##..
#..(# ..## .... ##. ##### ..# <.
#. #. .. #.


You could see an orc warrior and a centaur.

Vanquished Creatures
  A komodo dragon (D:6)
  A steam dragon (D:6)
  Menkaure (D:6)
  2 necrophages (D:4)
  A hornet zombie (D:5)
  A black bear (D:4)
  3 ogres
  2 phantoms
  A bullfrog (D:6)
  4 scorpions
  A wyvern zombie (D:6)
  A wight (D:6)
  2 centaur zombies
  A bullfrog zombie (D:6)
  2 orc priests
  3 hounds
  A jelly (D:6)
  A scorpion zombie (D:5)
  3 iguanas
  An orc wizard (D:4)
  A howler monkey zombie (D:6)
  Robin (D:3)
  3 adders
  3 white imps (D:5)
  An adder skeleton (D:5)
  A worm (D:5)
  A dart slug (D:2)
  8 orcs
  8 ball pythons
  8 endoplasms
  5 giant cockroaches
  9 hobgoblins
  2 jackals (D:5)
  4 kobolds
  2 quokkas (D:4)
  9 bats
  7 frilled lizards
  7 goblins
  5 rats
118 creatures vanquished.

Notes
Turn   | Place    | Note
-------+----------+-------------------------------------------
     0 | D:1      | ytrimaz the Octopode Transmuter began the quest for the
                  | Orb.
     0 | D:1      | Reached XP level 1. HP: 13/13 MP: 3/3
   241 | D:1      | Reached XP level 2. HP: 11/18 MP: 5/5
   244 | D:1      | Learned a level 2 spell: Wereblood
   686 | D:1      | Reached XP level 3. HP: 23/23 MP: 4/6
   690 | D:1      | Learned a level 3 spell: Spider Form
  1038 | D:1      | Identified a scroll of acquirement
  1038 | D:1      | Acquired the ring of Lecaorgh {rPois rN+}
  1546 | D:2      | Found a faded altar of an unknown god.
  2510 | D:3      | Reached XP level 4. HP: 23/28 MP: 5/7
  2574 | D:3      | Noticed Robin
  2579 | D:3      | Killed Robin
  2844 | D:4      | Reached XP level 5. HP: 30/34 MP: 3/9
  2871 | D:4      | Reached skill level 1 in Poison Magic
  2873 | D:4      | Noticed a necrophage
  3047 | D:4      | Killed a necrophage
  3048 | D:4      | Reached XP level 6. HP: 19/39 MP: 4/10
  3192 | D:4      | Noticed a necrophage
  3203 | D:4      | Killed a necrophage
  3328 | D:4      | Noticed a black bear
  3363 | D:4      | Killed a black bear
  3364 | D:4      | Reached XP level 7. HP: 34/45 MP: 7/12
  3797 | D:4      | Noticed croobank's ghost (amateur MfAK)
  3818 | D:4      | Found a runed translucent gate.
  3818 | D:4      | Found a runed translucent gate.
  3818 | D:4      | Found a runed translucent gate.
  4059 | D:4      | Found a staircase to the Ecumenical Temple.
  4072 | Temple   | Entered the Ecumenical Temple
  4546 | Temple   | Became a worshipper of Ashenzari the Shackled
  5001 | D:4      | Learned a level 4 spell: Ice Form
  5036 | D:5      | Entered Level 5 of the Dungeon
  5036 | D:5      | Found Kegasypn's Weapon Emporium.
  5229 | D:5      | Reached XP level 8. HP: 10/52 MP: 4/14
  6626 | D:5      | Found a basalt altar of Yredelemnul.
  7167 | D:6      | Reached skill level 5 in Unarmed Combat
  7574 | D:6      | Reached skill level 5 in Spellcasting
  7668 | D:6      | Noticed a komodo dragon
  7677 | D:6      | Reached skill level 5 in Transmutations
  7702 | D:6      | Killed a komodo dragon
  7703 | D:6      | Reached skill level 5 in Dodging
  7703 | D:6      | Reached XP level 9. HP: 13/58 MP: 5/17
  7944 | D:6      | Noticed Menkaure
  7952 | D:6      | Killed Menkaure
  8286 | D:6      | Shot with an arrow by a centaur

Illustrated notes

Levels and vault maps discovered:
D:1:      scummos_arrival_checkerplants, layout_loops_ring
D:2:      layout_loops_ring, hellmonk_ecumenical_altar_heavens_door
D:3:      layout_loops_corners, minivault_19, uniq_robin
D:4:      layout_basic, minmay_temple_entry_proselytizer, gammafunk_ghost_icy,
          grunt_ministairs_11, serial_bayou_pond_b, corexii_leaking_fountain,
          minivault_27
D:5:      layout_basic, old_standard_altar, serial_shops, shop
D:6:      layout_loops_corners, gup_sewer_entry_glass, minmay_divided_ellipse,
          uniq_menkaure
Temple:   mainiacjoe_temple_trianglar_array

Skill      XL: |  1  2  3  4  5  6  7  8  9 |
---------------+----------------------------+-----
Dodging        | 3 4 5 |  5.3
Transmutations | 3 4 5 |  5.7
Poison Magic   | 1 2 4 |  4.0
Fighting       | 2 3 4 |  4.1
Spellcasting   | 3 4 5 |  5.7
Unarmed Combat | 4 5 |  5.8
Ice Magic      | |  0.6

Action                   |  1- 3 |  4- 6 |  7- 9 || total
-------------------------+-------+-------+-------++-------
Melee: Unarmed           |    91 |    65 |   168 ||   324
       Constrict         |    26 |    14 |    19 ||    59
       Kick              |    10 |    10 |    30 ||    50
       Tentacles         |    15 |    11 |    20 ||    46
       Punch             |     3 |     1 |     4 ||     8
 Cast: Beastly Appendage |    29 |     6 |    18 ||    53
       Wereblood         |     2 |     2 |     1 ||     5
       Spider Form       |     1 |     2 |     9 ||    12
       Ice Form          |       |       |     5 ||     5
Invok: Curse Item        |       |       |     1 ||     1
  Use: Scroll            |     6 |       |     7 ||    13
       Potion            |       |     5 |     1 ||     6
 Stab: Sleeping          |     3 |     1 |     2 ||     6
Armor: Skin              |    17 |     5 |     8 ||    30
Dodge: Dodged            |    63 |    52 |   125 ||   240

Table legend: (Time is in decaauts)
 A = Elapsed time spent in this place.
 B = Non-inter-level travel time spent in this place.
 C = Inter-level travel time spent in this place.
 D = Time resting spent in this place.
 E = Time spent auto-exploring this place.
 F = Levels seen in this place.
 G = Mean time per level.
                   A        B        C        D        E       F      G
               +--------+--------+--------+--------+--------+-----+--------+
         Total |   8261 |   8021 |    240 |   1980 |   4935 |   7 | 1180.1 |
       Dungeon |   7756 |   7570 |    186 |   1980 |   4487 |   6 | 1292.7 |
        Temple |    504 |    450 |     54 |      0 |    448 |   1 |  504.0 |
               +--------+--------+--------+--------+--------+-----+--------+

Top non-repeatable levels by time:
     D:5: 2121 daAuts
     D:4: 1745 daAuts
     D:3: 1264 daAuts
     D:1: 1052 daAuts
     D:6: 911 daAuts
     D:2: 662 daAuts
  Temple: 504 daAuts
